 Dungeon Crawl Stone Soup version 0.26-a0-831-g7192265339 (webtiles) character file.

Game seed: 1616637349542603642

28097 sokol815 the Octopoid Catastrophe (level 13, 0/88 HPs)
             Began as an Octopode Ice Elementalist on Nov 15, 2020.
             Was an Elder of Qazlal.
             Slain by a cane toad (15 damage)
             ... on level 5 of the Lair of Beasts.
             The game lasted 01:32:54 (21351 turns).

sokol815 the Octopoid Catastrophe (OpIE)           Turns: 21351, Time: 01:32:55

Health: 0/88       AC:  1    Str:  7    XL:     13   Next: 36%
Magic:  24/24      EV: 18    Int: 19    God:    Qazlal [****..]
Gold:   1120       SH: 12    Dex: 16    Spells: 7/22 levels left

rFire    + . .     SeeInvis .   a - +3 whip (elec)
rCold    . . .     Faith    .   d - +3 buckler
rNeg     . . .     Spirit   .   (helmet restricted)
rPois    .         Reflect  .   Z - amulet of regeneration
rElec    .         Harm     .   n - ring of wizardry
rCorr    +         Rampage  .   t - ring of resist corrosion
MR       .....     Clarity  +   s - ring of stealth
Stlth    +++.......             W - ring of wizardry
HPRegen  0.64/turn              (no ring)
MPRegen  0.19/turn              (no ring)
                                (no ring)
                                (no ring)

@: lethally poisoned (0 -> -6), repel missiles
A: almost no armour, stealthy swim, amphibious, 8 rings, constrict 8, camouflage
1, clarity, fire resistance 1, gelatinous body 1, MP-powered wands
a: Upheaval, Elemental Force, Renounce Religion


You were on level 5 of the Lair of Beasts.
You worshipped Qazlal.
Qazlal was greatly pleased with you.
You visited 3 branches of the dungeon, and saw 17 of its levels.

You collected 1120 gold pieces.

Inventory:

Hand Weapons
 a - a +3 whip of electrocution (weapon)
 b - a +4 dagger of venom
 c - a +2 vorpal hand crossbow
 y - a cursed -2 flail
 H - a +1 vorpal spear
 U - a +0 long sword
Missiles
 f - 39 poisoned darts
 k - 513 stones
 l - 147 bolts
 z - 11 boomerangs (quivered)
 D - 90 sling bullets
 L - 6 javelins
 M - 2 throwing nets
 O - 8 curare-tipped darts
Armour
 d - a +3 buckler (worn)
Magical Staves
 X - an uncursed staff of earth
Jewellery
 n - a ring of wizardry (left tentacle)
 s - a ring of stealth (on tentacle)
 t - a ring of resist corrosion (right tentacle)
 v - an uncursed amulet of magic regeneration
 W - a ring of wizardry (on tentacle)
 Z - an amulet of regeneration (around mantle)
Wands
 q - a wand of random effects (67)
 N - a wand of paralysis (10)
 Q - a wand of polymorph (12)
 S - a wand of iceblast (6)
Scrolls
 e - a scroll of magic mapping
 i - 2 scrolls of remove curse
 j - 11 scrolls of teleportation
 o - 5 scrolls of amnesia
 p - a scroll of vulnerability
 r - 5 scrolls of fog
 C - 2 scrolls of fear
 G - a scroll of immolation
 I - a scroll of summoning
Potions
 g - 5 potions of flight
 h - 2 potions of cancellation
 m - 3 potions of mutation
 u - 2 potions of ambrosia
 w - 2 potions of lignification
 x - a potion of might
 A - 3 potions of heal wounds
 E - a potion of haste
 F - 3 potions of attraction
 J - 2 potions of brilliance
 P - a potion of invisibility
 R - 3 potions of curing


   Skills:
 + Level 8.0 Fighting
 - Level 3.9(4.0) Short Blades
 - Level 0.4(2.4) Long Blades
 + Level 8.0 Maces & Flails
 + Level 8.0 Dodging
 - Level 10.0 Stealth
 * Level 0.4 Shields
 - Level 5.0 Spellcasting
 + Level 8.0 Conjurations
 + Level 8.0 Ice Magic
 - Level 15.3 Invocations


You had 7 spell levels left.
You knew the following spells:

 Your Spells              Type           Power        Failure   Level
a - Freeze                Ice            ####         1%          1
b - Frozen Ramparts       Ice            #####.       1%          3
c - Apportation           Tloc           #.....       5%          1
d - Blink                 Tloc           N/A          8%          2
e - Ozocubu's Armour      Ice            #####...     1%          3
f - Magic Dart            Conj           ####         1%          1
g - Hailstorm             Conj/Ice       #####...     1%          4

Your spell library contained the following spells:

 Spells                   Type           Power        Failure   Level
 Conjure Flame            Conj/Fire      ###.....     3%          3
 Animate Skeleton         Necr           #.....       5%          1
 Corona                   Hex            #......      5%          1
 Pain                     Necr           #...         5%          1
 Summon Small Mammal      Summ           #...         5%          1
 Mephitic Cloud           Conj/Pois/Air  ##......     5%          3
 Call Imp                 Summ           #.......     8%          2
 Slow                     Hex            #.......     8%          2
 Summon Ice Beast         Ice/Summ       ###.....     11%         4
 Call Canine Familiar     Summ           #.......     16%         3
 Summon Guardian Golem    Hex/Summ       #.......     16%         3
 Vampiric Draining        Necr           #.........   16%         3
 Animate Dead             Necr           #.........   41%         4
 Summon Lightning Spire   Summ/Air       #.......     41%         4
 Agony                    Necr           #.......     75%         5


Dungeon Overview and Level Annotations

Branches:
Dungeon (10/15)            Temple (1/1) D:4            Lair (6/6) D:9
 Shoals (0/4) Lair:4        Snake (0/4) Lair:4
  Slime: Lair:5-6       Orc: D:9-12

Altars:
Ashenzari
Cheibriados
Dithmenos
Elyvilon
Fedhas
Gozag
Hepliaklqana
Kikubaaqudgha
Makhleb
Nemelex Xobeh
Okawaru
Qazlal
Ru
Sif Muna
Trog
Uskayaw
Vehumet
Wu Jian
Xom
Yredelemnul
Zin
The Shining One

Shops:
D:6 [

Annotations:
D:7 4 runed translucent doors, Crazy Yiuf; bastard's ghost, novice DEFE
Lair:3 exclusions: 9 electric eels and 1 more exclusion


Innate Abilities, Weirdness & Mutations

You cannot wear most types of armour.
You are very stealthy in the water. (Stealth+)
You are amphibious.
You can wear up to eight rings at the same time.
You can use your tentacles to constrict eight enemies at once.
Your skin changes colour to match your surroundings (Stealth+).
Your rubbery body absorbs attacks. (AC +1, EV +1)
You possess an exceptional clarity of mind.
Your flesh is heat resistant. (rF+)
You expend magic power (3 MP) to strengthen your wands.


Message History

You are poisoned.
The cane toad poisons you! You block the black mamba's attack.
The bullfrog misses you. The cane toad stings you!!
* * * LOW HITPOINT WARNING * * *
You climb upwards.
The ice encasing you melts away.
* * * LOW HITPOINT WARNING * * *
You feel very sick.
There is a stone staircase leading down here.
Unknown command.
Unknown command.
Unknown command.
You feel better. The black mamba bites you.
* * * LOW HITPOINT WARNING * * *
You are poisoned.
The black mamba poisons you! You block the bullfrog's attack.
The cane toad is engulfed in freezing vapours.
The cane toad seems to slow down.
You block the cane toad's attack. The cane toad stings you!
You die...

###.#..P................#
.....................P..#
...................#....#
.............##.........#
....................[...#
....#...................#
........................#
................F§......#
............).○F@S......#
.................F......#
#....##.#.....°.☼.°.P...#
##...####.##....###..P..#
#.### #####...##.######
### #.####### ###


You could see a black mamba, 2 cane toads and a bullfrog.

Vanquished Creatures
  5 hydras
  Urug (Lair:5)
  Nergalle (D:10)
  A lindwurm (Lair:4)
  A merfolk siren (Lair:4)
  5 black mambas
  A guardian serpent (Lair:4)
  Psyche (D:10)
  7 cane toads
  3 komodo dragons
  A troll (D:9)
  2 polar bears
  Prince Ribbit (D:5)
  5 dream sheep (Lair:4)
  13 blink frogs
  3 spriggans (Lair:4)
  A wyvern (Lair:5)
  31 yaks
  2 basilisks
  A steam dragon (Lair:4)
  15 water moccasins
  4 ice beasts
  3 black bears
  A sky beast (D:7)
  2 necrophages (D:10)
  4 orc warriors
  7 ogres
  2 phantoms
  4 centaurs
  15 wolves
  A big kobold (D:10)
  10 bullfrogs
  A water moccasin skeleton (D:8)
  4 scorpions
  8 killer bees
  3 howler monkeys
  A bullfrog zombie (D:10)
  2 centaur zombies
  A crimson imp (D:3)
  A quasit (D:6)
  3 hounds
  A jelly (D:6)
  A bullfrog skeleton (D:7)
  8 orc priests
  Jessica (D:7)
  A centaur skeleton (D:8)
  Natasha (thrice) (D:2)
  2 iguanas
  9 orc wizards
  4 hell rats (Lair:1)
  5 worker ants
  A killer bee zombie (D:9)
  2 hound zombies
  2 worker ant zombies
  8 gnolls
  8 adders
  3 howler monkey skeletons
  6 river rats (Lair:1)
  3 shadow imps
  A white imp (D:10)
  3 oozes
  2 adder zombies
  6 worms
  6 dart slugs
  4 leopard geckos
  42 orcs
  10 bats
  9 giant cockroaches
  10 hobgoblins
  10 jackals
  3 quokkas
  2 ball pythons (D:2)
  3 frilled lizards
  A giant cockroach zombie (D:5)
  3 goblins
  12 kobolds
  4 leopard gecko skeletons
  16 rats
393 creatures vanquished.

Vanquished Creatures (others)
  23 fungi
  79 plants
102 creatures vanquished.

Grand Total: 495 creatures vanquished

Notes
Turn   | Place    | Note
-------+----------+-------------------------------------------
     0 | D:1      | sokol815 the Octopode Ice Elementalist began the quest for
                  | the Orb.
     0 | D:1      | Reached XP level 1. HP: 11/11 MP: 3/3
   174 | D:1      | Reached XP level 2. HP: 12/17 MP: 0/5
   549 | D:1      | Reached XP level 3. HP: 18/22 MP: 1/6
   963 | D:2      | Learned a level 3 spell: Frozen Ramparts
  1006 | D:2      | Reached skill level 1 in Fighting
  1013 | D:2      | Noticed a water moccasin
  1014 | D:2      | Gained mutation: You expend magic power (3 MP) to
                  | strengthen your wands. [potion of mutation]
  1014 | D:2      | Gained mutation: You possess an exceptional clarity of
                  | mind. [potion of mutation]
  1014 | D:2      | Gained mutation: Your flesh is heat resistant. (rF+)
                  | [potion of mutation]
  1022 | D:2      | Killed a water moccasin
  1023 | D:2      | Reached skill level 5 in Stealth
  1023 | D:2      | Reached XP level 4. HP: 7/29 MP: 4/7
  1023 | D:2      | Reached XP level 5. HP: 8/34 MP: 4/8
  1311 | D:2      | Noticed Natasha
  1454 | D:2      | Killed Natasha
  1567 | D:2      | Noticed Natasha
  1593 | D:2      | Killed Natasha
  1611 | D:2      | Reached XP level 6. HP: 38/39 MP: 7/9
  1922 | D:2      | Noticed Natasha
  1943 | D:2      | HP: 1/39 [shadow imp/nerve-wracking pain[Natasha] (11)]
  2160 | D:2      | Killed Natasha
  2231 | D:2      | Found a snail-covered altar of Cheibriados.
  2391 | D:2      | Found a broken altar of Ashenzari.
  2391 | D:2      | Found a sacrificial altar of Ru.
  2392 | D:2      | Found a radiant altar of Vehumet.
  2622 | D:3      | Found an ancient bone altar of Kikubaaqudgha.
  2677 | D:3      | Found a burning altar of Makhleb.
  2692 | D:3      | Reached skill level 5 in Ice Magic
  2905 | D:3      | Found a stormy altar of Qazlal.
  3208 | D:3      | You fall into a shaft and drop 2 floors!
  3208 | D:5      | Entered Level 5 of the Dungeon
  3311 | D:4      | Reached skill level 1 in Short Blades
  3379 | D:4      | Noticed a phantom
  3478 | D:4      | Found a staircase to the Ecumenical Temple.
  3490 | Temple   | Entered the Ecumenical Temple
  3795 | D:3      | Became a worshipper of Qazlal Stormbringer
  3995 | D:4      | Found an ornate altar of the Wu Jian Council.
  4086 | D:4      | Killed a phantom
  4087 | D:4      | Reached XP level 7. HP: 39/45 MP: 10/10
  4621 | D:5      | Noticed Prince Ribbit
  4644 | D:5      | Killed Prince Ribbit
  4887 | D:5      | Learned a level 1 spell: Apportation
  4893 | D:5      | Learned a level 2 spell: Blink
  4897 | D:5      | Learned a level 3 spell: Ozocubu's Armour
  5276 | D:6      | Reached XP level 8. HP: 52/52 MP: 8/11
  5704 | D:6      | Reached * piety under Qazlal
  5757 | D:5      | Learned a level 1 spell: Magic Dart
  6631 | D:6      | Found Titeiwn's Armour Emporium.
  7004 | D:6      | Reached skill level 1 in Maces & Flails
  7062 | D:7      | Reached XP level 9. HP: 51/58 MP: 12/12
  7155 | D:7      | Reached skill level 1 in Invocations
  7162 | D:7      | Noticed bastard's ghost (novice DEFE)
  7163 | D:7      | Found a runed translucent gate.
  7163 | D:7      | Found a runed translucent gate.
  7167 | D:7      | Found a runed translucent gate.
  7575 | D:7      | Reached skill level 2 in Invocations
  7587 | D:7      | Reached skill level 5 in Dodging
  7763 | D:7      | Found a runed translucent door.
  7764 | D:7      | Noticed Crazy Yiuf
  8119 | D:7      | Noticed Jessica
  8127 | D:7      | Reached skill level 10 in Stealth
  8137 | D:7      | Killed Jessica
  8139 | D:7      | Found a shimmering blue altar of Sif Muna.
  8265 | D:8      | Reached ** piety under Qazlal
  8266 | D:8      | Reached skill level 3 in Invocations
  8288 | D:8      | Found a shadowy altar of Dithmenos.
  8431 | D:8      | Reached skill level 4 in Invocations
  8741 | D:8      | Reached skill level 5 in Fighting
  8771 | D:8      | Noticed a six-headed hydra
  9345 | D:8      | Reached XP level 10. HP: 66/66 MP: 8/13
  9387 | D:8      | Reached skill level 5 in Invocations
  9498 | D:8      | Reached skill level 5 in Maces & Flails
  9659 | D:8      | Killed a six-headed hydra
  9660 | D:8      | Reached skill level 6 in Invocations
  9952 | D:8      | Found an opulent altar of Gozag.
 10261 | D:8      | Found a white marble altar of Elyvilon.
 10396 | D:9      | Found a hide-covered altar of Uskayaw.
 10418 | D:9      | Found a staircase to the Lair.
 10443 | D:9      | Reached *** piety under Qazlal
 10634 | D:9      | Reached skill level 7 in Invocations
 11033 | D:8      | Reached skill level 1 in Conjurations
 11763 | D:10     | Entered Level 10 of the Dungeon
 12197 | D:10     | Reached XP level 11. HP: 74/74 MP: 13/16
 12210 | D:10     | Reached skill level 8 in Invocations
 12283 | D:10     | Noticed Psyche
 12289 | D:10     | Killed Psyche
 12503 | D:10     | Noticed Nergalle
 12513 | D:10     | Killed Nergalle
 13157 | Lair:1   | Entered Level 1 of the Lair of Beasts
 14183 | Lair:1   | Reached skill level 9 in Invocations
 14646 | Lair:1   | Found a bloodstained altar of Trog.
 14724 | Lair:1   | Noticed a four-headed hydra
 14766 | Lair:1   | Killed a four-headed hydra
 14767 | Lair:1   | Reached skill level 5 in Conjurations
 14768 | Lair:1   | Reached **** piety under Qazlal
 15561 | Lair:2   | Learned a level 4 spell: Hailstorm
 15663 | Lair:2   | Reached XP level 12. HP: 54/81 MP: 17/19
 15734 | Lair:2   | Reached skill level 10 in Invocations
 15781 | Lair:2   | Noticed a six-headed hydra
 15795 | Lair:2   | HP: 2/82 [six-headed hydra (16)]
 16667 | Lair:2   | Killed a six-headed hydra
 16668 | Lair:2   | Reached skill level 5 in Spellcasting
 17988 | Lair:3   | Reached skill level 11 in Invocations
 18158 | Lair:3   | Noticed a seven-headed hydra
 18183 | Lair:3   | Killed a seven-headed hydra
 19113 | Lair:4   | Reached skill level 12 in Invocations
 19202 | Lair:4   | Reached skill level 13 in Invocations
 19249 | Lair:4   | Reached XP level 13. HP: 21/88 MP: 22/22
 19670 | Lair:4   | Reached skill level 14 in Invocations
 19798 | Lair:4   | Found a staircase to the Snake Pit.
 20306 | Lair:4   | Found a staircase to the Shoals.
 20540 | Lair:5   | Noticed Urug
 20553 | Lair:4   | Reached skill level 15 in Invocations
 20668 | Lair:5   | HP: 2/88 [Urug/+0 vorpal glaive (6)]
 20672 | Lair:5   | Killed Urug
 21282 | Lair:6   | Entered Level 6 of the Lair of Beasts
 21351 | Lair:5   | Slain by a cane toad

Illustrated notes

Levels and vault maps discovered:
D:1:      roderic_chinese_lattice_arrival, layout_basic
D:2:      layout_basic, cheibriados_altar_1,
          gammafunk_temple_overflow_forgotten, kennysheep_decorative_pillar,
          interstate_on_off, minmay_vboxes, uniq_natasha
D:3:      layout_basic, kiku_gazebo_pond_becter,
          nicolae_qazlal_eye_of_the_storm, makhleb_grotto_becter
D:4:      layout_cave_pools, lemuel_coloured_pillars_altar, temple_fountains,
          minmay_misc_feat_chi, kennysheep_donut
D:5:      layout_cave_pools, uniq_prince_ribbit1
D:6:      layout_rooms, serial_shops, shop, minmay_manual_monolith
D:7:      layout_loops_ring, tgw_sif, gammafunk_ghost_split,
          uniq_crazy_yiuf_cottage
D:8:      layout_cave_pools, nicolae_gozag_seed_capital, kennysheep_mini,
          grunt_dithmenos_smoke_and_mirrors, special_room [special_room_orc]
D:9:      layout_irregular_city, eat_drink_and_be_merry_uskayaw,
          dpeg_oklobed_lair
D:10:     layout_gridville, hangedman_abyss_or_decor_stagger, uniq_psyche,
          uniq_nergalle
Temple:   jpeg_temple_island
Lair:1:   layout_big_grid, basic_altar, kennysheep_abandoned_house,
          infiniplex_staircase_pool_2
Lair:2:   layout_regular_city
Lair:3:   layout_chaotic_city, serial_bayou_shore_a, grunt_megastairs_4,
          infiniplex_staircase_pool
Lair:4:   layout_regular_city, minmay_shoals_entry_lonely_mermaid,
          minmay_snake_entry_spellcaster, wad_woods_02
Lair:5:   layout_hall_layers, uniq_urug
Lair:6:   minmay_lair_end_frog_pond, layout_long_grid,
          minmay_slime_entry_oklob_open

Skill      XL: |  1  2  3  4  5  6  7  8  9 10 11 12 13 |
---------------+----------------------------------------+-----
Stealth        | 3 5 6 7 9 10 | 10.0
Fighting       | 1 2 3 4 5 6 7 8 |  8.0
Dodging        | 3 4 5 7 8 |  8.0
Ice Magic      | 5 6 7 8 |  8.0
Short Blades   | 1 2 3 |  3.9
Maces & Flails | 1 4 5 6 8 |  8.0
Invocations    | 4 7 9 13 15 | 15.3
Conjurations   | 2 5 8 |  8.0
Spellcasting   | 4 5 |  5.0
Long Blades    | |  0.4
Shields        | |  0.4

Action                   |  1- 3 |  4- 6 |  7- 9 | 10-12 | 13-15 || total
-------------------------+-------+-------+-------+-------+-------++-------
Melee: Short sword       |    31 |   113 |    83 |       |       ||   227
       Constrict         |    11 |    24 |    43 |    72 |    12 ||   162
       Tentacles         |     4 |    15 |    34 |    72 |    22 ||   147
       Whip              |       |       |   123 |   430 |    87 ||   640
       Falchion          |       |       |     4 |       |       ||     4
 Fire: Hand crossbow     |       |       |       |    10 |    15 ||    25
Throw: Stone             |     2 |     1 |       |       |       ||     3
       Boomerang         |       |     4 |     7 |    27 |     7 ||    45
       Dart              |       |       |     5 |    21 |       ||    26
 Cast: Freeze            |    20 |    13 |     1 |     2 |       ||    36
       Frozen Ramparts   |     1 |     8 |    39 |    65 |    14 ||   127
       Magic Dart        |       |       |     9 |     6 |       ||    15
       Ozocubu's Armour  |       |       |    18 |    60 |    13 ||    91
       Blink             |       |       |     1 |       |       ||     1
       Hailstorm         |       |       |       |     2 |       ||     2
Evoke: Wand              |       |       |       |     4 |       ||     4
  Use: Potion            |     2 |     3 |     1 |     2 |     1 ||     9
       Scroll            |       |     3 |     7 |    14 |    10 ||    34
 Stab: Sleeping          |    11 |    24 |     6 |       |       ||    41
       Distracted        |       |     1 |       |       |       ||     1
Armor: Skin              |     1 |     3 |    19 |    54 |     7 ||    84
Dodge: Dodged            |    21 |    51 |   141 |   291 |    60 ||   564
       Repelled          |       |       |       |     1 |     1 ||     2
Block: Other             |       |       |    11 |    72 |       ||    83
       Buckler           |       |       |       |     1 |    43 ||    44
       Rpst.: Falchion   |       |       |     3 |       |       ||     3

Table legend: (Time is in decaauts)
 A = Elapsed time spent in this place.
 B = Non-inter-level travel time spent in this place.
 C = Inter-level travel time spent in this place.
 D = Time resting spent in this place.
 E = Time spent auto-exploring this place.
 F = Levels seen in this place.
 G = Mean time per level.
                   A        B        C        D        E       F      G
               +--------+--------+--------+--------+--------+-----+--------+
         Total |  21310 |  20554 |    756 |   7677 |   8977 |  17 | 1253.5 |
       Dungeon |  14229 |  13692 |    537 |   5453 |   5571 |  10 | 1422.9 |
        Temple |    223 |    188 |     35 |      0 |    179 |   1 |  223.0 |
          Lair |   6857 |   6674 |    183 |   2224 |   3227 |   6 | 1142.8 |
               +--------+--------+--------+--------+--------+-----+--------+

Top non-repeatable levels by time:
     D:9: 2721 daAuts
     D:7: 2196 daAuts
  Lair:2: 1927 daAuts
     D:8: 1682 daAuts
  Lair:1: 1576 daAuts
     D:5: 1415 daAuts
  Lair:4: 1395 daAuts
  Lair:3: 1337 daAuts
     D:1: 1314 daAuts
     D:4: 1204 daAuts
     D:2: 1130 daAuts
     D:3: 904 daAuts
     D:6: 882 daAuts
    D:10: 777 daAuts
  Lair:5: 592 daAuts
